 Dungeon Crawl Stone Soup version 0.20.0-10-g0535bb4 (webtiles) character file.

10249 Inarius the Thaumaturge (level 11, 0/81 HPs)
             Began as a White Draconian Air Elementalist on June 3, 2017.
             Was a Priest of Vehumet.
             Killed from afar by an ice dragon (17 damage)
             ... with a blast of cold
             ... on level 10 of the Dungeon.
             The game lasted 01:01:19 (15576 turns).

Inarius the Thaumaturge (DrAE)                     Turns: 15576, Time: 01:01:20

Health: 0/81       AC: 12    Str: 12    XL:     11   Next: 33%
Magic:  11/21      EV: 16    Int: 19    God:    Vehumet [***...]
Gold:   490        SH:  5    Dex: 17    Spells: 13/28 levels left

rFire    . . .     SeeInvis .   e - +7 Screaming Sword
rCold    + . .     Gourm    .   I - +0 buckler
rNeg     . . .     Faith    .   (armour unavailable)
rPois    .         Spirit   .   (helmet restricted)
rElec    .         Reflect  .   E - +0 cloak
rCorr    +         Harm     .   x - +0 pair of gloves
MR       .....                  C - +2 pair of boots
Stlth    ++........             (no amulet)
Regen    0.3/turn               J - ring of resist corrosion
MPRegen  0.2/turn               o - +3 ring of dexterity

@: about to teleport, very slightly contaminated, studying Ice Magic
A: breathe frost, unfitting armour, talons 1, agile 1, cold resistance 1, low mp
1, strong 1, cold-blooded, AC +7
a: Breathe Frost, Renounce Religion


You were on level 10 of the Dungeon.
You worshipped Vehumet.
Vehumet was most pleased with you.
You were not hungry.

You visited 2 branches of the dungeon, and saw 11 of its levels.

You collected 490 gold pieces.

Inventory:

Hand Weapons
 e - the +7 Screaming Sword (weapon)
   (You found it on level 4 of the Dungeon)
 f - the cursed +3 broad axe "Qewko" {freeze, +Blink}
   (You found it on level 10 of the Dungeon)

   It has been specially enchanted to freeze those struck by it, causing extra
   injury to most foes and up to half again as much damage against particularly
   susceptible opponents.
   It can also slow down cold-blooded creatures.
   It lets you blink.
   It has a curse placed upon it.
 w - a +1 dagger of speed
 z - a +0 vampiric war axe
 M - a +3 short sword
 Q - a +1 dagger of holy wrath
Armour
 x - a +0 pair of gloves (worn)
 C - a +2 pair of boots (worn)
 E - a +0 cloak (worn)
 I - a +0 buckler (worn)
Jewellery
 m - an uncursed ring of ice
 o - a +3 ring of dexterity (right hand)
 q - an uncursed ring of fire
 J - a ring of resist corrosion (left hand)
Wands
 g - a wand of flame (27/48)
 D - a wand of iceblast (4/15)
 K - a wand of paralysis (13/24)
 P - a wand of digging (18/24)
Scrolls
 h - 2 scrolls of enchant weapon
 j - 2 scrolls of amnesia
 k - 4 scrolls of recharging
 n - 2 scrolls of fog {unknown}
 u - 2 scrolls of enchant armour
 v - a scroll of vulnerability {unknown}
 y - a scroll of immolation {unknown}
 A - a scroll of remove curse
 F - a scroll of random uselessness {unknown}
 H - 2 scrolls of teleportation
 L - a scroll of fear {unknown}
 N - a scroll of magic mapping {unknown}
Potions
 c - 4 potions of brilliance
 d - a potion of flight
 l - 6 potions of curing
 p - a potion of lignification
 G - 4 potions of heal wounds
Books
 r - Sif Muna's Catalogue of Enhancements
   (You found it on level 4 of the Dungeon)

   Spells                             Type                      Level
   a - Infusion                       Charms                       1
 B - a book of Changes

   Spells                             Type                      Level
   a - Beastly Appendage              Transmutation                1
   b - Sticks to Snakes               Transmutation                2
   c - Spider Form                    Transmutation/Poison         3
   d - Ice Form                       Ice/Transmutation            4
   e - Blade Hands                    Transmutation                5
 R - a manual of Ice Magic
Miscellaneous
 i - a phial of floods
 O - a crystal ball of energy
Comestibles
 b - 7 bread rations
 s - 5 royal jellies
 t - 5 meat rations


   Skills:
 + Level 2.9 Fighting
 * Level 6.2 Dodging
 - Level 1.8 Stealth
 - Level 4.0 Shields
 * Level 9.3 Spellcasting
 * Level 7.8 Conjurations
 + Level 0.1 Charms
 + Level 8.1 Air Magic
 * Level 6.3 Evocations


You had 13 spell levels left.
You knew the following spells:

 Your Spells              Type           Power        Failure   Level  Hunger
a - Shock                 Conj/Air       ####         1%          1    None
b - Swiftness             Chrm/Air       ###.....     2%          2    None
c - Static Discharge      Conj/Air       #####...     1%          3    None
d - Airstrike             Air            #####.....   1%          4    ###....
e - Lightning Bolt        Conj/Air       #####.....   2%          5    #####..


Dungeon Overview and Level Annotations

Branches:
Dungeon (10/15)            Temple (1/1) D:6            Lair (0/6) D:8
    Orc (0/2) D:9

Altars:
Ashenzari
Elyvilon
Makhleb
Nemelex Xobeh
Okawaru
Sif Muna
Vehumet
Xom
The Shining One

Shops:
D:9 %


Innate Abilities, Weirdness & Mutations

You can breathe waves of freezing cold.
You can buffet flying creatures when you breathe cold.
Your icy white scales are hard. (AC +7)
You cannot fit into any form of body armour.
Your flesh is cold resistant. (rC+)
You are cold-blooded and may be slowed by cold attacks.
You have sharp toenails.
You are agile. (Dex +2)
Your magical capacity is low. (-10% MP)
Your muscles are strong. (Str +2)


Message History

The yak is almost dead.
The yak closely misses you.
Casting: Shock
Confirm with . or Enter, or press ? or * to list all spells.
Aiming: Shock
Press: ? - help, Shift-Dir - straight line, f/p - yak
Aim: a yak (almost dead)
The zap hits the yak.
You kill the yak!
Vehumet accepts your kill.
Vehumet is aiding your destructive magics.
You feel your power returning.
You see here a yak corpse.
You butcher the yak corpse.
You see here 4 chunks of flesh.
As you read the scroll of teleportation, it crumbles to dust.
You feel strangely unstable. The ice dragon breathes frost at you.
The blast of cold hits you! You resist.
You die...

######## #.. ...#
#.# #.##########
###
#.####..........#
...
#.#....########.##
###.###.#(##.#
##.#.##
#.......@††.†#
##.###.#
#...)D########
#.## ##. #.#.#.#
#..###.# .....#.#
#.#.#.## #.... #Y#
#.##.## #.#.# #Y#
#.#### . .. #.#
#.# .. ..# #.# #
... #.# ##


You could see an ice dragon.

Vanquished Creatures
  The ghost of roguesci the Magician, a novice DrIE of Gozag (D:9)
  Nergalle (D:10)
  An elephant (D:10)
  A rime drake (D:10)
  A troll (D:10)
  2 polar bears
  6 hippogriffs
  Sigmund (D:3)
  6 yaks (D:10)
  2 wargs (D:10)
  Duvessa (D:7)
  A water moccasin (D:6)
  3 necrophages
  3 sky beasts
  4 ice beasts
  3 orc warriors
  2 phantoms
  6 ogres
  4 centaurs
  2 crocodiles
  7 bullfrogs
  A gnoll sergeant (D:10)
  A wyvern skeleton (D:7)
  6 scorpions
  Dowan (D:7)
  A howler monkey (D:8)
  5 crimson imps
  5 jellies
  6 orc priests
  2 centaur skeletons
  6 hounds
  20 orc wizards
  7 iguanas
  8 worker ants
  2 hound skeletons (D:5)
  11 gnolls
  A worker ant zombie (D:5)
  A howler monkey skeleton (D:4)
  12 adders
  4 shadow imps
  4 oozes
  An adder skeleton (D:9)
  An adder zombie (D:7)
  3 worms
  4 dart slugs
  4 leopard geckos
  41 orcs
  18 bats
  6 giant cockroaches
  12 hobgoblins
  15 jackals
  7 quokkas
  2 ball pythons
  8 frilled lizards
  12 goblins
  17 kobolds
  A quokka skeleton (D:8)
  A quokka zombie (D:8)
  23 rats
  A fungus (D:4)
339 creatures vanquished.

Vanquished Creatures (others)
  A spriggan (D:10)
  A centaur (D:10)
  A worker ant (D:10)
  A kobold (D:10)
  2 fungi
6 creatures vanquished.

Grand Total: 345 creatures vanquished

Notes
Turn   | Place    | Note
-------+----------+-------------------------------------------
     0 | D:1      | Inarius the Draconian Air Elementalist began the quest for the Orb.
     0 | D:1      | Reached XP level 1. HP: 14/14 MP: 3/3
   524 | D:1      | Reached XP level 2. HP: 15/20 MP: 0/5
   528 | D:1      | Learned a level 2 spell: Swiftness
   827 | D:1      | Found a shattered altar of Ashenzari.
  1086 | D:1      | Reached XP level 3. HP: 25/26 MP: 2/6
  1091 | D:1      | Learned a level 3 spell: Static Discharge
  1973 | D:2      | Reached XP level 4. HP: 33/33 MP: 3/7
  3271 | D:3      | Reached skill level 3 in Spellcasting
  3295 | D:3      | Reached XP level 5. HP: 30/38 MP: 3/9
  3699 | D:3      | Noticed Sigmund
  4723 | D:4      | Reached XP level 6. HP: 41/46 MP: 3/10
  4863 | D:4      | Learned a level 4 spell: Airstrike
  5471 | D:4      | Reached skill level 1 in Evocations
  5649 | D:4      | Your scales start taking on an icy white colour.
  5649 | D:4      | Reached XP level 7. HP: 34/51 MP: 3/12
  5649 | D:4      | Gained mutation: Your flesh is cold resistant. (rC+) [White Draconian growth]
  5657 | D:4      | Found a deep blue altar of Sif Muna.
  5693 | D:4      | Reached skill level 1 in Fighting
  5693 | D:4      | Reached skill level 5 in Air Magic
  5900 | D:4      | Reached skill level 4 in Spellcasting
  6689 | D:4      | Gained mutation: You have sharp toenails. [potion of mutation]
  6689 | D:4      | Gained mutation: Your tail ends in a poisonous barb. [potion of mutation]
  6689 | D:4      | Gained mutation: You have sharp fingernails. [potion of mutation]
  6689 | D:4      | Gained mutation: You can translocate small distances at will. [potion of mutation]
  6737 | D:5      | Entered Level 5 of the Dungeon
  6781 | D:3      | Reached XP level 8. HP: 59/59 MP: 11/14
  6871 | D:4      | Reached skill level 5 in Conjurations
  6890 | D:3      | Killed Sigmund
  7196 | D:5      | Reached skill level 5 in Spellcasting
  7213 | D:5      | Gained mutation: You are robust. (+10% HP) [mutagenic meat]
  7214 | D:5      | Gained mutation: Your spells are a little harder to cast, but a little more powerful. [mutagenic meat]
  7216 | D:5      | Gained mutation: Your magical capacity is low. (-10% MP) [mutagenic meat]
  7218 | D:5      | Gained mutation: You are agile. (Dex +2) [mutagenic meat]
  7702 | D:5      | Learned a level 5 spell: Lightning Bolt
  7765 | D:5      | Noticed a troll
  8175 | D:5      | Reached XP level 9. HP: 73/73 MP: 6/15
  8195 | D:5      | Gained mutation: Potions are less effective at restoring your health. [mutagenic meat]
  8197 | D:5      | Gained mutation: Your large and strong wings let you fly indefinitely. [mutagenic meat]
  8279 | D:4      | Identified Sif Muna's Catalogue of Enhancements
  8998 | D:5      | Reached skill level 6 in Spellcasting
  9296 | D:6      | Found a shimmering altar of Xom.
  9724 | D:6      | Reached skill level 1 in Shields
  9726 | D:6      | Found a shattered altar of Ashenzari.
  9728 | D:6      | Found a shimmering altar of Xom.
  9787 | D:6      | Found a staircase to the Ecumenical Temple.
  9793 | Temple   | Entered the Ecumenical Temple
  9818 | Temple   | Became a worshipper of Vehumet
 10079 | D:7      | Reached skill level 5 in Dodging
 10690 | D:7      | Reached skill level 7 in Spellcasting
 10803 | D:7      | Found a glowing golden altar of the Shining One.
 10978 | D:7      | Noticed Dowan
 10984 | D:7      | Killed Dowan
 10999 | D:7      | Noticed Duvessa
 11007 | D:7      | Killed Duvessa
 11201 | D:7      | Reached XP level 10. HP: 81/81 MP: 15/18
 11646 | D:8      | Reached * piety under Vehumet
 11646 | D:8      | Offered knowledge of Flame Tongue by Vehumet.
 11676 | D:8      | Lost mutation: You have sharp fingernails. [potion of mutation]
 11676 | D:8      | Lost mutation: Potions are less effective at restoring your health. [potion of mutation]
 11676 | D:8      | Lost mutation: Your spells are a little harder to cast, but a little more powerful. [potion of mutation]
 11676 | D:8      | Lost mutation: Your tail ends in a poisonous barb. [potion of mutation]
 11676 | D:8      | Gained mutation: You expend magic power (3 MP) to strengthen your wands. [potion of mutation]
 11676 | D:8      | Gained mutation: Your muscles are strong. (Str +2) [potion of mutation]
 11677 | D:8      | Lost mutation: You can translocate small distances at will. [potion of mutation]
 11677 | D:8      | Lost mutation: You are agile. (Dex +2) [potion of mutation]
 11677 | D:8      | Lost mutation: You are robust. (+10% HP) [potion of mutation]
 11677 | D:8      | Lost mutation: You expend magic power (3 MP) to strengthen your wands. [potion of mutation]
 11677 | D:8      | Lost mutation: Your large and strong wings let you fly indefinitely. [potion of mutation]
 11677 | D:8      | Gained mutation: You are agile. (Dex +2) [potion of mutation]
 11706 | D:8      | Found a staircase to the Lair.
 11765 | D:8      | Reached skill level 5 in Evocations
 12631 | D:9      | Noticed roguesci's ghost (novice DrIE)
 12649 | D:9      | Killed roguesci's ghost
 12866 | D:9      | Reached skill level 8 in Spellcasting
 13015 | D:9      | Found Boontiuq's Food Shop.
 13434 | D:9      | Found a staircase to the Orcish Mines.
 13913 | D:10     | Entered Level 10 of the Dungeon
 13943 | D:10     | Offered knowledge of Sandblast by Vehumet.
 13947 | D:10     | Reached ** piety under Vehumet
 14179 | D:10     | Noticed Nergalle
 14379 | D:10     | Killed Nergalle
 14379 | D:10     | Reached XP level 11. HP: 56/81 MP: 12/21
 14862 | D:10     | Offered knowledge of Inner Flame by Vehumet.
 15044 | D:10     | Noticed an ice dragon
 15051 | D:10     | Reached skill level 9 in Spellcasting
 15440 | D:10     | Got the broad axe "Qewko" {freeze}
 15573 | D:10     | Reached *** piety under Vehumet
 15576 | D:10     | Killed from afar by an ice dragon

Skill      XL: |  1  2  3  4  5  6  7  8  9 10 11 |
---------------+----------------------------------+-----
Dodging        | 2 3 4 5 6 |  6.2
Conjurations   | 2 3 4 6 7 |  7.8
Air Magic      | 4 5 6 7 8 |  8.1
Spellcasting   | 3 4 5 7 8 9 |  9.3
Evocations     | 1 2 3 4 5 6 |  6.3
Fighting       | 1 2 |  2.9
Shields        | 2 3 4 |  4.0
Stealth        | |  1.8
Charms         | |  0.1

Action                   |  1- 3 |  4- 6 |  7- 9 | 10-12 || total
-------------------------+-------+-------+-------+-------++-------
Melee: Unarmed           |    27 |       |       |       ||    27
       Tailslap          |     5 |    20 |     9 |    11 ||    45
       Dagger            |     1 |   109 |     8 |       ||   118
       Whip              |     7 |    27 |       |       ||    34
       Short sword       |     4 |       |       |       ||     4
       Double sword      |       |       |    99 |    73 ||   172
       Kick              |       |       |    11 |       ||    11
 Cast: Shock             |    84 |   170 |   198 |   207 ||   659
       Static Discharge  |     1 |     2 |     1 |    16 ||    20
       Swiftness         |       |     1 |     2 |     1 ||     4
       Airstrike         |       |     2 |    25 |    45 ||    72
 Abil: Breathe Frost     |       |       |     3 |     4 ||     7
       Fly               |       |       |     1 |       ||     1
       Stop Flying       |       |       |     1 |       ||     1
Evoke: Wand              |       |       |       |     1 ||     1
  Use: Scroll            |       |     4 |     5 |     8 ||    17
       Potion            |       |       |     7 |     4 ||    11
 Stab: Sleeping          |       |     1 |     1 |       ||     2
       Distracted        |       |       |     2 |       ||     2
  Eat: Chunk             |     5 |     9 |    22 |    15 ||    51
       Fruit             |       |     1 |     1 |       ||     2
       Bread ration      |       |     1 |     2 |     1 ||     4
Armor: Skin              |    11 |    35 |    47 |    53 ||   146
Dodge: Dodged            |    23 |   118 |   148 |    92 ||   381
Block: Buckler           |       |       |     8 |    44 ||    52
       Rpst.: Double sword |       |       |    36 |    28 ||    64
